 Dungeon Crawl Stone Soup version 0.21-a0-518-g43a1781948 (webtiles) character file.

385 JackS81 the Chopper (level 6, -6/44 HPs)
             Began as a Demonspawn Gladiator on Dec 4, 2017.
             Killed by divine providence
             ... invoked by an orc priest
              (10 damage)
             ... on level 5 of the Dungeon.
             The game lasted 00:06:55 (3177 turns).

JackS81 the Chopper (Demonspawn Gladiator)          Turns: 3177, Time: 00:06:56

Health: -6/44      AC:  3    Str: 19    XL:     6   Next: 48%
Magic:  6/6        EV: 18    Int:  9    God:
Gold:   124        SH:  0    Dex: 22    Spells: 5/5 levels left

rFire    . . .     SeeInvis .   a - +0 war axe
rCold    . . .     Gourm    .   (no shield)
rNeg     . . .     Faith    .   b - +0 leather armour
rPois    .         Spirit   .   (helmet restricted)
rElec    .         Reflect  .   (no cloak)
rCorr    .         Harm     .   (no gloves)
MR       .....                  (no boots)
Stlth    +++.......             (no amulet)
HPRegen  0.14/turn              (no ring)
MPRegen  0.10/turn              (no ring)

@: mighty, agile
A: horns 2
a: no special abilities


You were on level 5 of the Dungeon.
You were not hungry.

You visited 1 branch of the dungeon, and saw 5 of its levels.

You collected 124 gold pieces.

Inventory:

Hand Weapons
 a - a +0 war axe (weapon)
Missiles
 d - 3 throwing nets (quivered)
 l - 24 arrows
Armour
 b - a +0 leather armour (worn)
 c - a +0 helmet
 u - a +2 ring mail of cold resistance
Magical Staves
 e - a cursed staff of poison {unknown}
Wands
 w - a wand of random effects (21)
Scrolls
 g - 3 scrolls of remove curse {unknown}
 j - 3 scrolls of teleportation {unknown}
 k - 3 scrolls of identify {unknown}
 m - a scroll of amnesia {unknown}
 p - a scroll of magic mapping {unknown}
 r - a scroll of blinking {unknown}
 s - 3 scrolls of fear {unknown}
 t - a scroll of enchant armour {unknown}
Potions
 v - a potion of agility
Comestibles
 f - 5 bread rations
 h - 3 fruits
 i - 2 royal jellies


   Skills:
 - Level 2.0 Fighting
 * Level 6.7 Axes
 - Level 1.7 Throwing
 - Level 2.6 Dodging


You had 5 spell levels left.
You didn't know any spells.

Dungeon Overview and Level Annotations

Branches:
Dungeon (6/15)
 Temple: D:4-7

Altars:

Shops:
D:6 (


Innate Abilities, Weirdness & Mutations

You have a pair of horns on your head.


Message History

The arrow misses you.
You see here 2 arrows.
You open the door. The howler monkey barely misses you.
The howler monkey hoots and howls with incredible vigour!
You hear a shout! x2
There is an open door here.
You feel very mighty all of a sudden.
The howler monkey hoots and howls with incredible vigour!
The centaur shoots an arrow.
The arrow completely misses you. The howler monkey misses you.
You hear a shout! x2
You closely miss the orc priest. Your headbutt misses the orc priest.
You slash the howler monkey!
You kill the howler monkey!
The orc priest hits you.
* * * LOW HITPOINT WARNING * * *
The adder closely misses you.
The orc priest mumbles some strange prayers to Beogh against you.
Beogh smites you!
You die...

#...#.c..# #...#....#
#####...'....#
#..+....#....#
#..##...#....#
#.>###c##....#
#..##...#....# #
#..ooSo.#....# ..
#o.###@##....+ ..o
#o.##...#....###### ....
.o.o.o(..#..........
......#.......#..........
......#'#######..........
#......................
#............##'#......
#............#..#......
#............#..#......


You could see a centaur, 2 orc priests, an adder and 2 orcs.

Vanquished Creatures
  Grinder (D:6)
  A howler monkey (D:5)
  An iguana (D:6)
  5 adders
  2 oozes
  4 dart slugs
  A worm (D:2)
  2 orcs (D:3)
  2 ball pythons
  5 giant cockroaches
  8 goblins
  6 hobgoblins
  A quokka (D:2)
  3 bats
  4 frilled lizards
  8 kobolds
  5 rats
59 creatures vanquished.

Notes
Turn   | Place    | Note
-------+----------+-------------------------------------------
     0 | D:1      | JackS81 the Demonspawn Gladiator began the quest for the Orb.
     0 | D:1      | Reached XP level 1. HP: 16/16 MP: 1/1
   196 | D:1      | Reached skill level 3 in Axes
   567 | D:1      | Gained mutation: You have a pair of small horns on your head. [demonic ancestry]
   567 | D:1      | Reached XP level 2. HP: 13/22 MP: 2/2
  1197 | D:2      | Reached XP level 3. HP: 23/27 MP: 3/3
  1362 | D:2      | Reached skill level 4 in Axes
  2047 | D:3      | Reached XP level 4. HP: 18/33 MP: 4/4
  2681 | D:3      | Reached skill level 5 in Axes
  2844 | D:3      | You fall through a shaft for 3 floors!
  2908 | D:6      | Noticed Grinder
  2921 | D:6      | Killed Grinder
  2921 | D:6      | Reached skill level 6 in Axes
  2921 | D:6      | Reached XP level 5. HP: 38/38 MP: 5/5
  2921 | D:6      | Gained mutation: You have a pair of horns on your head. [demonic ancestry]
  2921 | D:6      | Reached XP level 6. HP: 44/44 MP: 6/6
  2963 | D:6      | Found Ysoon's Weapon Boutique.
  2987 | D:5      | Entered Level 5 of the Dungeon
  3177 | D:5      | Killed from afar by an orc priest

Vault maps used:
D:1:      dpeg_arrival_arbitrary_a
D:2:      eino_curves_01
D:3:      kennysheep_generic_room_3
D:5:      first_bread, uniq_edmund, uniq_prince_ribbit1
D:6:      serial_shops, shop, uniq_duvessa, uniq_grinder

Skill      XL: |  1  2  3  4 |
---------------+-------------+-----
Axes           | 3 4 6 |  6.7
Fighting       | |  2.0
Throwing       | |  1.7
Dodging        | |  2.6

Action                   |  1- 3 |  4- 6 || total
-------------------------+-------+-------++-------
Melee: War axe           |   118 |    64 ||   182
       Headbutt          |    15 |     7 ||    22
  Use: Potion            |       |     5 ||     5
  Eat: Chunk             |     3 |     4 ||     7
Armor: Leather armour    |    37 |    14 ||    51
       Skin              |       |     7 ||     7
Dodge: Dodged            |    77 |    51 ||   128

Table legend:
 A = Spawn XP
 B = Non-spawn XP
 C = Spawn XP percentage of total XP
 D = Spawn monster count
 E = Non-spawn monster count
 F = Spawn count percentage of total count
 G = Total turns spent on level
                    A         B        C        D         E        F      G
               +---------+---------+-------+---------+---------+-------+---------
         Total |       0 |     550 |   0.0 |       0 |      59 |   0.0 |  3177
               +---------+---------+-------+---------+---------+-------+---------
           D:1 |       0 |      17 |   0.0 |       0 |      11 |   0.0 |   972
           D:2 |       0 |      60 |   0.0 |       0 |      23 |   0.0 |   797
           D:3 |       0 |      92 |   0.0 |       0 |      21 |   0.0 |  1075
           D:5 |       0 |      54 |   0.0 |       0 |       1 |   0.0 |    70
           D:6 |       0 |     327 |   0.0 |       0 |       3 |   0.0 |   263
               +---------+---------+-------+---------+---------+-------+---------
